 Dungeon Crawl Stone Soup version 0.32-a0-12-g7fc57aa741 (webtiles) character file.

Game seed: 6848693509671796475

815 osuadh the Grasshopper (level 7, 0/56 HPs)
             Began as a Gnoll Warper on Jan 14, 2024.
             Was a Follower of Okawaru.
             Succumbed to a hornet's poison
             ... on level 5 of the Dungeon on Jan 15, 2024.
             The game lasted 00:11:02 (3833 turns).

osuadh the Grasshopper (Gnoll Warper)               Turns: 3833, Time: 00:11:02

Health: 0/56       AC:  5    Str: 10    XL:     7   Next: 94%
Magic:  13/15      EV: 18    Int: 14    God:    Okawaru [*.....]
Gold:   167        SH:  0    Dex: 18    Spells: 12/17 levels left

rFire   + + .        a - +0 spear
rCold   + . .        (no shield)
rNeg    . . .        b - +0 leather armour
rPois   +            (helmet restricted)
rElec   +            v - +0 cloak
rCorr   +            (no gloves)
SInv    .            (no boots)
Will    .....        (no amulet)
Stlth   ++++         k - +6 ring of dexterity
HPRegen 0.29/turn    m - ring of poison resistance
MPRegen 0.14/turn

%: no passive effects
@: mighty, lethally poisoned (0 -> -3), resistant, heroic, attractive, hasted,
very quick
A: fangs 1, strong nose, distributed training, horns 1, fire resistance 1
a: Renounce Religion, Heroism


You were on level 5 of the Dungeon.
You worshipped Okawaru.
Okawaru was aware of your devotion.
You visited 2 branches of the dungeon, and saw 6 of its levels.

You collected 244 gold pieces.
You spent 77 gold pieces at shops.

Inventory:

Hand Weapons
 a - a +0 spear (weapon)
Missiles
 d - 7 darts of dispersal
 i - 2 boomerangs (quivered)
 s - 5 poisoned darts
Armour
 b - a +0 leather armour (worn)
 v - a +0 cloak (worn)
Magical Staves
 l - a staff of fire
Jewellery
 k - a +6 ring of dexterity (left hand)
 m - a ring of poison resistance (right hand)
Scrolls
 c - a scroll of blinking
 e - a scroll of teleportation {unknown}
 p - a scroll of noise {unknown}
 q - a scroll of brand weapon {unknown}
 t - a scroll of acquirement {unknown}
 y - a scroll of enchant weapon
Potions
 g - a potion of enlightenment
 w - a potion of brilliance


   Skills:
 + Level 5.4(10.4) Fighting
 + Level 2.9(7.9) Short Blades
 + Level 2.9(7.9) Long Blades
 + Level 2.9(7.9) Axes
 + Level 2.9(7.9) Maces & Flails
 + Level 5.4(10.4) Polearms
 + Level 2.9(7.9) Staves
 + Level 2.9(7.9) Ranged Weapons
 + Level 3.9(8.9) Throwing
 + Level 3.9(8.9) Armour
 + Level 5.4(10.4) Dodging
 + Level 2.9(7.9) Stealth
 + Level 2.9(7.9) Shields
 + Level 2.9(7.9) Unarmed Combat
 + Level 5.8 Spellcasting
 + Level 2.3 Conjurations
 + Level 2.3 Hexes
 + Level 2.3 Summonings
 + Level 2.3 Necromancy
 + Level 6.0 Translocations
 + Level 2.3 Fire Magic
 + Level 2.3 Ice Magic
 + Level 2.3 Air Magic
 + Level 2.3 Earth Magic
 + Level 2.3 Alchemy
 + Level 3.2 Invocations
 + Level 2.9 Evocations
 + Level 2.6 Shapeshifting


You had 12 spell levels left.
You knew the following spells:

 Your Spells              Type           Power      Damage    Failure   Level
a - Blink                 Tloc           40%        N/A       2%          2
b - Teleport Other        Tloc           20%        N/A       5%          3

Your spell library contained the following spells:

 Spells                   Type           Power      Damage    Failure   Level
 Apportation              Tloc           40%        N/A       1%          1
 Lesser Beckoning         Tloc           40%        N/A       2%          2
 Sandblast                Erth           20%        2d7       8%          1
 Jinxbite                 Hex            20%        N/A       12%         2
 Manifold Assault         Tloc           20%        N/A       17%         4
 Ozocubu's Armour         Ice            10%        N/A       22%         3
 Passwall                 Erth           10%        N/A       22%         3
 Stone Arrow              Conj/Erth      20%        3d8       22%         3
 Vhi's Electric Charge    Tloc/Air       30%        N/A       36%         4
 Brom's Barrelling Bould  Conj/Erth      10%        2d3       58%         4
 Alistair's Intoxication  Alch           6%         N/A       91%         5
 Metabolic Englaciation   Hex/Ice        5%         N/A       91%         5
 Sculpt Simulacrum        Ice/Alch       Unusable   N/A       N/A         6

Dungeon Overview and Level Annotations

Branches:
Dungeon (5/15)             Temple (1/1) D:4

Altars:
Ashenzari
Cheibriados
Dithmenos
Elyvilon
Fedhas
Hepliaklqana
Kikubaaqudgha
Makhleb
Nemelex Xobeh
Okawaru
Qazlal
Ru
Sif Muna
Trog
Uskayaw
Vehumet
Wu Jian
Xom
Yredelemnul
Zin
The Shining One

Shops:
D:2 !

Annotations:
D:4 1 exclusion, Sigmund


Innate Abilities, Weirdness & Mutations

You have very sharp teeth.
Your uncanny sense of smell can sniff out nearby items.
Your experience applies equally to all skills.
You have a pair of small horns on your head.
Your flesh is heat resistant. (rF+)


Message History

Press: ? - help, Dir - move target, f/p - hornet
Aim: a hornet (severely wounded, about 45% to evade your +0 spear)
You puncture the hornet! Your bite misses the hornet.
The hornet is almost dead.
The hornet stings you.
* * * LOW HITPOINT WARNING * * *
You are lethally poisoned!
You feel yourself slow down.
Okay, then.
You gain the combat prowess of a mighty hero.
* * * LOW HITPOINT WARNING * * *
You feel very sick. The hornet misses you.
You hit the hornet.
You kill the hornet!
Okawaru accepts your kill.
* * * LOW HITPOINT WARNING * * *
You feel sick.
Your Translocations skill increases to level 6!
Your Invocations skill increases to level 3!
Okay, then.
m - a ring of poison resistance (right hand)
* * * LOW HITPOINT WARNING * * *
You feel sick.
The air fills with toxic fumes!
As you read the scroll labelled LOYPEI GYGOCO, it crumbles to dust.
It was a scroll of poison.
You feel yourself speed up.
* * * LOW HITPOINT WARNING * * *
You feel sick.
As you read the scroll labelled XIUXTI OFRE, it dissolves into smoke.
It was a scroll of fog.
* * * LOW HITPOINT WARNING * * *
You feel sick.
You feel attractive to monsters.
* * * LOW HITPOINT WARNING * * *
You feel sick.
You feel extremely strange.
You feel resistant to heat. A pair of horns grows on your head!
You die...

.....)....# .....§.....#
.....§§....# .....§§§...#
...#.#§§§..# .. .....§§§§§.#
#..... ...#.#§§§§§#####
.........# .....§§§§§§§@§§+
........... .....§§§§§§#####
..#........ .....§§§§§.#
.......... .....§§§§..#####
#........ .....§§§.......#
#........ .....§§........#
#........
######..>..)...######........
#.........#.............
#.........#.............


There were no monsters in sight!

Vanquished Creatures
  A hornet (D:5)
  2 ogres
  A scorpion (D:5)
  A howler monkey (D:4)
  3 bombardier beetles
  A hound (D:5)
  An iguana (D:4)
  An orc wizard (D:3)
  6 adders
  4 gnolls
  A ribbon worm (D:2)
  A dart slug (D:3)
  2 orcs (D:3)
  5 ball pythons
  4 bats
  4 endoplasms
  3 giant cockroaches (D:1)
  9 goblins
  5 hobgoblins
  7 quokkas
  2 frilled lizards
  10 kobolds
  8 rats
82 creatures vanquished.

Notes
Turn   | Place    | Note
-------+----------+-------------------------------------------
     0 | D:1      | osuadh the Gnoll Warper began the quest for the Orb.
     0 | D:1      | Reached XP level 1. HP: 20/20 MP: 6/6
   154 | D:1      | Reached XP level 2. HP: 23/26 MP: 7/7
   157 | D:1      | Learned a level 2 spell: Blink
   786 | D:2      | Reached skill level 5 in Spellcasting
   786 | D:2      | Reached XP level 3. HP: 16/31 MP: 7/9
   932 | D:2      | Reached skill level 1 in Invocations
  1215 | D:2      | Reached skill level 1 in Short Blades
  1215 | D:2      | Reached skill level 1 in Long Blades
  1215 | D:2      | Reached skill level 1 in Axes
  1215 | D:2      | Reached skill level 1 in Maces & Flails
  1215 | D:2      | Reached skill level 1 in Staves
  1215 | D:2      | Reached skill level 1 in Ranged Weapons
  1215 | D:2      | Reached skill level 1 in Stealth
  1215 | D:2      | Reached skill level 1 in Shields
  1215 | D:2      | Reached skill level 1 in Unarmed Combat
  1215 | D:2      | Reached skill level 1 in Evocations
  1276 | D:2      | Identified the +1 leather armour "Rokkegao" {rN+ Str+4
                  | Dex+2}
  1328 | D:2      | Found a shimmering altar of Xom.
  1341 | D:2      | Found Vuagh's Distillery.
  1352 | D:2      | Bought a potion of might for 44 gold pieces
  1352 | D:2      | Bought a potion of curing for 33 gold pieces
  1591 | D:3      | Reached skill level 1 in Shapeshifting
  1591 | D:3      | Reached XP level 4. HP: 37/38 MP: 11/11
  1686 | D:3      | Learned a level 3 spell: Teleport Other
  1758 | D:3      | Reached skill level 1 in Conjurations
  1758 | D:3      | Reached skill level 1 in Hexes
  1758 | D:3      | Reached skill level 1 in Summonings
  1758 | D:3      | Reached skill level 1 in Necromancy
  1758 | D:3      | Reached skill level 1 in Fire Magic
  1758 | D:3      | Reached skill level 1 in Ice Magic
  1758 | D:3      | Reached skill level 1 in Air Magic
  1758 | D:3      | Reached skill level 1 in Earth Magic
  1758 | D:3      | Reached skill level 1 in Alchemy
  1906 | D:3      | Reached XP level 5. HP: 30/43 MP: 12/12
  2638 | D:4      | Noticed an ogre
  2651 | D:3      | Killed an ogre
  2652 | D:3      | Reached skill level 5 in Fighting
  2652 | D:3      | Reached skill level 5 in Polearms
  2652 | D:3      | Reached skill level 5 in Dodging
  2652 | D:3      | Reached XP level 6. HP: 14/51 MP: 11/14
  2925 | D:4      | Found a staircase to the Ecumenical Temple.
  2940 | Temple   | Entered the Ecumenical Temple
  2997 | Temple   | Became a worshipper of Warmaster Okawaru
  3083 | D:4      | Noticed Sigmund
  3179 | D:4      | Found a hazy altar of Hepliaklqana.
  3575 | D:5      | Entered Level 5 of the Dungeon
  3627 | D:5      | Reached XP level 7. HP: 56/56 MP: 15/15
  3783 | D:5      | Noticed a hornet
  3786 | D:5      | Paralysed by a hornet for 3 turns
  3804 | D:5      | Reached * piety under Okawaru
  3828 | D:5      | Killed a hornet
  3829 | D:5      | Reached skill level 6 in Translocations
  3830 | D:5      | HP: 2/56 [poisoned by a hornet]
  3833 | D:5      | Gained mutation: Your flesh is heat resistant. (rF+)
                  | [potion of mutation]
  3833 | D:5      | Gained mutation: You have a pair of small horns on your
                  | head. [potion of mutation]
  3833 | D:5      | Succumbed to a hornet's poison

Illustrated notes

Levels and vault maps discovered:
D:1:      elethiomel_arrival_shortcut, layout_basic
D:2:      layout_basic, basic_altar, serial_shops, nicolae_shop_gibbet_a_chance
D:3:      layout_loops_ring
D:4:      layout_basic, nicolae_overflow_hidden_temple,
          minmay_temple_entry_gardened_gates, nicolae_shop_overcharged_wands,
          uniq_sigmund
D:5:      minmay_spotlight, layout_basic, mainiacjoe_overflow_paths,
          serial_glass, glass_columns_b, glass_columns_a, glass_columns_b
Temple:   mainiacjoe_temple_cubbyholes

Skill      XL: |  1  2  3  4  5  6  7 |
---------------+----------------------+-----
Spellcasting   | 5 |  5.8
Invocations    | 1 2 3 |  3.2
Short Blades   | 1 2 |  2.9
Long Blades    | 1 2 |  2.9
Axes           | 1 2 |  2.9
Maces & Flails | 1 2 |  2.9
Staves         | 1 2 |  2.9
Ranged Weapons | 1 2 |  2.9
Stealth        | 1 2 |  2.9
Shields        | 1 2 |  2.9
Unarmed Combat | 1 2 |  2.9
Evocations     | 1 2 |  2.9
Shapeshifting  | 1 2 |  2.6
Conjurations   | 1 2 |  2.3
Hexes          | 1 2 |  2.3
Summonings     | 1 2 |  2.3
Necromancy     | 1 2 |  2.3
Fire Magic     | 1 2 |  2.3
Ice Magic      | 1 2 |  2.3
Air Magic      | 1 2 |  2.3
Earth Magic    | 1 2 |  2.3
Alchemy        | 1 2 |  2.3
Throwing       | 3 |  3.9
Armour         | 3 |  3.9
Fighting       | 5 |  5.4
Polearms       | 5 |  5.4
Dodging        | 5 |  5.4
Translocations | 6 |  6.0

Action                     |  1- 3 |  4- 6 |  7- 9 || total
---------------------------+-------+-------+-------++-------
  Melee: Spear             |   147 |   181 |    31 ||   359
         Bite              |    10 |    15 |     3 ||    28
         Punch             |     1 |     2 |       ||     3
         Unarmed           |       |    14 |       ||    14
  Throw: Boomerang         |       |    26 |     2 ||    28
   Cast: Blink             |       |     1 |       ||     1
         Teleport Other    |       |       |     1 ||     1
 Invoke: Heroism           |       |       |     1 ||     1
    Use: Scroll            |       |     7 |     2 ||     9
         Potion            |       |       |     8 ||     8
   Stab: Sleeping          |     5 |     2 |       ||     7
 Armour: Leather armour    |    36 |    61 |    20 ||   117
  Dodge: Dodged            |    56 |   114 |    19 ||   189

Table legend: (Time is in decaauts)
 A = Elapsed time spent in this place.
 B = Non-inter-level travel time spent in this place.
 C = Inter-level travel time spent in this place.
 D = Time resting spent in this place.
 E = Time spent auto-exploring this place.
 F = Levels seen in this place.
 G = Mean time per level.
                   A        B        C        D        E       F      G
               +--------+--------+--------+--------+--------+-----+--------+
         Total |   3784 |   3571 |    213 |    553 |   1997 |   6 |  630.7 |
       Dungeon |   3672 |   3563 |    109 |    553 |   1997 |   5 |  734.4 |
        Temple |    112 |      8 |    104 |      0 |      0 |   1 |  112.0 |
               +--------+--------+--------+--------+--------+-----+--------+

Top non-repeatable levels by time:
     D:3: 1264 daAuts
     D:2: 854 daAuts
     D:1: 733 daAuts
     D:4: 578 daAuts
     D:5: 241 daAuts
  Temple: 112 daAuts
